 Dungeon Crawl Stone Soup version 0.30.1-4-g462c640d31 (webtiles) character file.

Game seed: 5762460108475369690

21 Grimby the Trooper (level 3, 0/30 HPs)
             Began as a Human Fighter on Aug 20, 2023.
             Slain by a worm (6 damage)
             ... on level 3 of the Dungeon.
             The game lasted 00:06:17 (1150 turns).

Grimby the Trooper (Human Fighter)                  Turns: 1150, Time: 00:06:18

Health: 0/30       AC:  6    Str: 18    XL:     3   Next: 2%
Magic:  3/3        EV:  9    Int:  8    God:
Gold:   54         SH:  4    Dex: 12    Spells: 2/2 levels left

rFire   . . .        a - +1 war axe
rCold   . . .        c - +0 buckler
rNeg    . . .        b - +0 scale mail
rPois   .            (no helmet)
rElec   .            (no cloak)
rCorr   .            (no gloves)
SInv    .            (no boots)
Will    .....        (no amulet) Stlth
                     (no ring)
HPRegen 0.25/turn    (no ring)
MPRegen 0.08/turn

%: no passive effects
@: no status effects
A: no striking features
a: no special abilities


You were on level 3 of the Dungeon.
You visited 1 branch of the dungeon, and saw 3 of its levels.

You collected 54 gold pieces.

Inventory:

Hand Weapons
 a - a +1 war axe (weapon)
Armour
 b - a +0 scale mail (worn)
 c - a +0 buckler (worn)
Potions
 e - a potion of invisibility {unknown}
 h - 3 potions of curing {unknown}
 i - 2 potions of brilliance {unknown}
 l - a potion of degeneration {unknown}
 m - a potion of heal wounds {unknown}
 o - a potion of flight {unknown}


   Skills:
 + Level 3.6 Fighting
 - Level 2.0 Axes
 - Level 3.2 Armour
 - Level 3.1 Shields


You had 2 spell levels left.
You didn't know any spells.
Your spell library contained the following spells:

 Spells                   Type           Power      Damage    Failure   Level
 Sandblast                Erth           0%         2d4       86%         1
 Passwall                 Tmut/Erth      0%         N/A       95%         2
 Stone Arrow              Conj/Erth      0%         3d7       99%         3


Dungeon Overview and Level Annotations

Branches:
Dungeon (3/15)

Altars:

Annotations:
D:2 Sigmund


Message History

The endoplasm freezes you.
You are frozen.
You hit the endoplasm.
The endoplasm is almost dead.
The endoplasm freezes you.
You are frozen.
You block the endoplasm's attack.
You hit the endoplasm.
You kill the endoplasm!
A worm comes into view.
The orc attacks as you move away! The orc hits you with a +0 dagger.
* * * LOW HITPOINT WARNING * * *
There are monsters nearby!
You hit the orc.
The orc is moderately wounded.
The orc hits you but does no damage. The orc hits you with a +0 dagger.
* * * LOW HITPOINT WARNING * * *
You hit the orc.
The orc is severely wounded.
The orc barely misses you.
You closely miss the orc.
The orc is severely wounded.
The orc barely misses you.
You barely miss the orc.
The orc is severely wounded.
The orc barely misses you. x2
You closely miss the orc.
The orc is severely wounded.
The orc hits you with a +0 dagger.
* * * LOW HITPOINT WARNING * * *
You hit the orc.
You kill the orc!
You have reached level 3!
Your experience leads to an increase in your attributes!
Increase (S)trength, (I)ntelligence, or (D)exterity?
You feel stronger. x2
You hear the slow rusting of a distant drain.
You slash the worm!
The worm is severely wounded.
The worm bites you.
You die...

.. .# .# .## .# ...
.. .# #..#.##.#
#####..#.##.#
...........#
..........###
.####......@...#
..........w..#.#
#..........#.# ##
#.#...).....<#
...##.#.†......#.#
#.............#.#
##....†##.......####
#...<.............#
#####''####.#..##.#


You could see a worm.

Vanquished Creatures
  An orc (D:3)
  2 bats
  5 endoplasms
  2 giant cockroaches (D:1)
  2 goblins (D:1)
  2 hobgoblins
  A ball python (D:3)
  A rat (D:1)
16 creatures vanquished.

Notes
Turn   | Place    | Note
-------+----------+-------------------------------------------
     0 | D:1      | Grimby the Human Fighter began the quest for the Orb.
     0 | D:1      | Reached XP level 1. HP: 18/18 MP: 1/1
    62 | D:1      | You fall into a shaft and drop 1 floor!
   104 | D:2      | Noticed Sigmund
   334 | D:1      | Reached XP level 2. HP: 18/24 MP: 2/2
  1145 | D:3      | Reached XP level 3. HP: 5/30 MP: 3/3
  1150 | D:3      | Slain by a worm

Illustrated notes

Levels and vault maps discovered:
D:1:      psy_arrival_conway, layout_basic
D:2:      layout_basic, uniq_sigmund
D:3:      layout_loops_cross, cheibrodos_sewer_entry_drain,
          kennysheep_generic_room_5

Action                     || total
---------------------------++-------
  Melee: War axe           ||    52
    Use: Scroll            ||     5
         Potion            ||     1
 Armour: Scale mail        ||    25
  Dodge: Dodged            ||    21
  Block: Buckler           ||     7
